 Dungeon Crawl Stone Soup version 0.22.1-2-g9c5b331383 (webtiles) character file.

21258 Jerry the Cleaver (level 12, -3/104 (106) HPs)
             Began as a Ghoul Fighter on Nov 27, 2018.
             Was an Elder of Yredelemnul.
             Killed by divine providence
             ... invoked by a meliai
              (17 damage)
             ... on level 4 of the Lair of Beasts.
             The game lasted 01:09:15 (15075 turns).

Jerry the Cleaver (Ghoul Fighter)                  Turns: 15075, Time: 01:09:16

HP:   -3/104 (106)  AC: 22    Str: 22    XL:     12   Next: 88%
MP:   16/16         EV:  9    Int:  6    God:    Yredelemnul [****..]
Gold: 862           SH:  8    Dex: 10    Spells: 11/11 levels left

rFire    + . .     SeeInvis .   c - +1 hand axe (pain)
rCold    + . .     Gourm    .   D - +4 buckler of Forking Paths {Int+2}
rNeg     + + +     Faith    .   C - +3 plate armour
rPois    ∞         Spirit   .   E - +1 hat
rElec    .         Reflect  .   r - +1 cloak
rCorr    .         Harm     .   d - +1 pair of gloves
MR       .....                  (no boots)
Stlth    ..........             m - amulet of regeneration
HPRegen  0.00/turn              F - ring of stealth
MPRegen  0.15/turn              y - ring of protection from fire

@: about to teleport, rotting
A: rotting body, claws 1, carnivore, cold resistance 1, negative energy
resistance 3, inhibited regeneration, torment resistance, unbreathing
a: Recall Undead Slaves, Injury Mirror, Animate Dead, Drain Life, Renounce
Religion


You were on level 4 of the Lair of Beasts.
You worshipped Yredelemnul.
Yredelemnul was greatly pleased with you.
You were not hungry.

You visited 3 branches of the dungeon, and saw 14 of its levels.
You also visited: Sewer.

You collected 862 gold pieces.

Inventory:

Hand Weapons
 a - a +0 war axe
 c - a +1 hand axe of pain (weapon)
 z - a +3 flail of protection
Armour
 d - a +1 pair of gloves (worn)
 r - a +1 cloak (worn)
 C - a +3 plate armour (worn)
 D - the +4 buckler of Forking Paths (worn) {Int+2}
   (You found it on level 5 of the Dungeon)

   It affects your intelligence (+2).
 E - a +1 hat (worn)
Jewellery
 e - an uncursed ring of ice
 g - an uncursed ring of protection from cold
 m - an amulet of regeneration (around neck)
 y - a ring of protection from fire (right hand)
 F - a ring of stealth (left hand)
 G - an uncursed ring of see invisible
Wands
 b - a wand of random effects (32)
 j - a wand of iceblast (27)
 s - a wand of flame (33)
 u - a wand of digging (10)
 A - a wand of polymorph (15)
 B - a wand of scattershot (5)
 H - a wand of acid (12)
Scrolls
 h - 3 scrolls of identify
 i - 2 scrolls of fog
 l - a scroll of enchant armour
 t - 3 scrolls of enchant weapon
Potions
 k - a potion of might
 o - 2 potions of curing
 p - 2 potions of haste
 q - 4 potions of brilliance
 v - 6 potions of flight
 x - a potion of cancellation
 I - 2 potions of agility {unknown}
Comestibles
 f - 23 rations


   Skills:
 + Level 10.2 Fighting
 * Level 11.5 Axes
 + Level 8.5 Armour
 + Level 8.0 Dodging
 - Level 4.5 Shields
 + Level 7.4 Invocations


You had 11 spell levels left.
You didn't know any spells.
Your spell library contained the following spells:

 Spells                   Type           Power        Failure   Level  Hunger
 Animate Skeleton         Necr           N/A          100%        1    ##.....
 Apportation              Tloc           #.....       100%        1    ##.....
 Confusing Touch          Hex            #.....       100%        1    ##.....
 Corona                   Hex            #......      100%        1    ##.....
 Summon Small Mammal      Summ           #...         100%        1    ##.....
 Ensorcelled Hibernation  Hex/Ice        #.....       100%        2    ###....
 Confuse                  Hex            #.......     100%        3    ####...
 Dazzling Spray           Conj/Hex       #.....       100%        3    ####...
 Tukima's Dance           Hex            #.......     100%        3    ####...
 Cause Fear               Hex            #.........   100%        4    #####..
 Silence                  Hex/Air        #.........   100%        5    ######.
 Yara's Violent Unravell  Hex/Tmut       #.........   100%        5    ######.
 Deflect Missiles         Chrm/Air       #.........   100%        6    #######
 Discord                  Hex            #.........   100%        8    #######


Dungeon Overview and Level Annotations

Branches:
Dungeon (9/15)             Temple (1/1) D:6            Lair (4/6) D:8
 Shoals (0/4) Lair:3        Snake (0/4) Lair:2          Orc (0/2) D:9

Altars:
Ashenzari
Cheibriados
Dithmenos
Elyvilon
Fedhas
Gozag
Hepliaklqana
Kikubaaqudgha
Makhleb
Nemelex Xobeh
Okawaru
Qazlal
Ru
Sif Muna
Trog
Uskayaw
Vehumet
Wu Jian
Xom
Yredelemnul
Zin
The Shining One
Beogh

Annotations:
D:5 3 runed doors, Marnok's ghost, novice MiFi
Lair:2 exclusion: oklob plant


Innate Abilities, Weirdness & Mutations

Your body is rotting away.
You thrive on raw meat.
You are immune to poison.
You have sharp fingernails.
You are carnivorous and can eat meat at any time.
Your flesh is cold resistant. (rC+)
You are immune to negative energy. (rN+++)
You do not regenerate when monsters are visible.
You are immune to unholy pain and torment.
You can survive without breathing.


Message History

You feel strangely unstable.
The killer bee stings you but does no damage.
You block the killer bee's attack.
The meliai calls down the wrath of its god upon you.
Something smites you!
* * * LOW HITPOINT WARNING * * *
The killer bee misses your wraith.
The meliai calls upon its god to heal the killer bee.
The killer bee's wounds heal themselves!
The porcupine bites you!
* * * LOW HITPOINT WARNING * * *
The killer bee stings you but does no damage.
Your wraith completely misses the killer bee.
The killer bee closely misses you.
The killer bee stings you but does no damage.
You block the killer bee's attack. The killer bee stings your wraith.
The meliai calls down the wrath of its god upon you.
Something smites you!
You die...
Yredelemnul claims you as an undead slave.

. #......##
##......#. #.<....#
##......###
#........#
##......#W#
#........#
###......####
........##
#.......##
##.......#
##......## ........#
##.......#
........###......###
.........y@yy....##
......yryW...##
.......yy.y.##
.........yy##
.........#y#
.........#yy
........##%yy
.......###.y..
...... #y..y#


You could see a queen bee, 3 meliai, a porcupine, 12 killer bees and a friendly
wraith.

Vanquished Creatures
  Gastronok (Lair:2)
  Harold (D:7)
  2 black mambas
  A cyclops (D:8)
  2 spiny frogs
  A komodo dragon (Lair:3)
  A queen bee (Lair:3)
  8 blink frogs
  4 hippogriffs
  2 wyverns
  Sigmund (D:4)
  10 yaks
  A basilisk (Lair:3)
  A steam dragon (Lair:2)
  3 nagas (Lair:2)
  4 water moccasins
  3 porcupines
  2 sky beasts
  7 ogres
  4 ice beasts
  3 black bears
  4 orc warriors
  2 phantoms
  4 wolves
  2 centaurs
  3 crocodiles (Lair:3)
  10 bullfrogs
  A wyvern skeleton (D:7)
  2 scorpions
  22 killer bees
  3 howler monkeys (D:9)
  3 crimson imps
  3 bullfrog zombies
  A centaur zombie (D:7)
  2 centaur skeletons
  3 hounds
  7 orc wizards
  4 jellies
  8 orc priests
  A gnoll shaman (D:5)
  Jessica (D:2)
  2 bullfrog skeletons
  4 iguanas
  11 worker ants
  A hound skeleton (D:5)
  A worker ant zombie (D:8)
  19 adders
  8 gnolls
  2 shadow imps
  19 oozes
  2 adder skeletons
  2 worms
  4 dart slugs
  17 leopard geckos
  42 orcs
  18 ball pythons
  8 bats
  23 giant cockroaches
  5 goblins
  7 hobgoblins
  17 jackals
  4 quokkas
  13 frilled lizards
  10 kobolds
  2 leopard gecko zombies
  8 rats
397 creatures vanquished.

Vanquished Creatures (collateral kills)
  2 hydras (Lair:1)
  An elephant (Lair:3)
  A black mamba (Lair:3)
  5 spiny frogs
  A komodo dragon (Lair:1)
  15 blink frogs
  6 yaks
  A steam dragon (Lair:3)
  3 nagas
  3 water moccasins
  An ogre (D:9)
  A wolf (Lair:3)
  2 crocodiles (Lair:3)
  3 centaurs (Lair:3)
  A big kobold (D:8)
  3 bullfrogs (Lair:1)
  A scorpion (D:8)
  8 killer bees
  A hound (D:8)
  An orc priest (D:8)
  A bullfrog skeleton (D:9)
  2 orcs (D:8)
  4 fungi
67 creatures vanquished.

Vanquished Creatures (others)
  5 blink frog zombies
  3 hippogriff zombies (Lair:3)
  A water moccasin zombie (Lair:3)
  A wyvern zombie (Lair:2)
  A water moccasin skeleton (Lair:1)
  A wight (Lair:2)
  2 yak zombies
  A wolf zombie (Lair:1)
  5 bullfrog zombies
  2 centaur zombies
  A black bear zombie (D:8)
  A porcupine zombie (Lair:2)
  6 killer bee zombies (Lair:3)
  A naga zombie (Lair:2)
  A crocodile zombie (Lair:3)
  A big kobold zombie (D:8)
  An ogre zombie (D:9)
  A hound zombie (D:8)
  A mummy (Lair:3)
  A howler monkey zombie (D:9)
  A jackal zombie (D:9)
  2 kobold zombies
  A leopard gecko zombie (D:8)
  9 orc zombies
  7 fungi
  4 plants
61 creatures vanquished.

Grand Total: 525 creatures vanquished

Notes
Turn   | Place    | Note
-------+----------+-------------------------------------------
     0 | D:1      | Jerry the Ghoul Fighter began the quest for the Orb.
     0 | D:1      | Reached XP level 1. HP: 19/19 MP: 0/0
   233 | D:1      | Reached skill level 2 in Axes
   435 | D:1      | Reached XP level 2. HP: 26/26 MP: 1/1
   902 | D:2      | Reached XP level 3. HP: 31/31 MP: 2/2
   966 | D:2      | Reached skill level 1 in Dodging
   969 | D:2      | Found a radiant altar of Vehumet.
  1153 | D:2      | Noticed Jessica
  1180 | D:2      | Reached XP level 4. HP: 30/39 MP: 3/3
  1197 | D:2      | Killed Jessica
  1215 | D:2      | HP: 2/40 [goblin/dagger (3)]
  1602 | D:2      | Noticed a bullfrog
  1609 | D:2      | Killed a bullfrog
  1609 | D:2      | Reached skill level 3 in Axes
  1609 | D:2      | Reached XP level 5. HP: 41/46 MP: 4/4
  2451 | D:3      | Reached XP level 6. HP: 52/52 MP: 5/5
  2986 | D:4      | Noticed Sigmund
  3558 | D:4      | Killed Sigmund
  3558 | D:4      | Reached skill level 4 in Axes
  3558 | D:4      | Reached XP level 7. HP: 53/57 MP: 6/6
  3600 | D:4      | Found a burning altar of Makhleb.
  4110 | D:4      | Found a deep blue altar of Sif Muna.
  4189 | D:5      | Entered Level 5 of the Dungeon
  4371 | D:5      | Reached skill level 5 in Fighting
  4391 | D:5      | Found a runed gate.
  4391 | D:5      | Noticed Marnok's ghost (novice MiFi)
  4392 | D:5      | Found a runed gate.
  4573 | D:5      | Reached XP level 8. HP: 38/68 MP: 7/7
  4586 | D:5      | Found a sacrificial altar of Ru.
  4621 | D:5      | Reached skill level 5 in Axes
  4902 | D:5      | Got a translucent buckler
  4903 | D:5      | Identified the +4 buckler of Forking Paths {Int+2} (You
                  | found it on level 5 of the Dungeon)
  4971 | D:5      | Found a shattered altar of Ashenzari.
  5040 | D:5      | Found a runed gate.
  5056 | D:5      | Found a roughly hewn altar of Beogh.
  5411 | D:6      | Reached skill level 6 in Axes
  5423 | D:6      | Found a glowing drain.
  5466 | D:6      | Reached skill level 5 in Armour
  5466 | D:6      | Reached XP level 9. HP: 15/73 MP: 8/8
  5556 | Sewer    | Entered a sewer
  6037 | Sewer    | Learned a level 1 spell: Animate Skeleton
  6427 | D:6      | Reached skill level 7 in Axes
  6704 | D:6      | Found a glowing golden altar of the Shining One.
  6778 | D:6      | Found a staircase to the Ecumenical Temple.
  6795 | Temple   | Entered the Ecumenical Temple
  7043 | Temple   | Became a worshipper of Yredelemnul the Dark
  7492 | D:6      | Reached skill level 1 in Invocations
  7574 | D:6      | Reached skill level 5 in Dodging
  7945 | D:8      | Reached XP level 10. HP: 71/86 MP: 10/10
  7972 | D:8      | Reached * piety under Yredelemnul
  8110 | D:8      | Noticed Harold
  8259 | D:7      | Killed Harold
  8259 | D:7      | Reached skill level 8 in Axes
  8416 | D:8      | Noticed a cyclops
  8753 | D:8      | Found a staircase to the Lair.
  8824 | D:9      | Found a staircase to the Orcish Mines.
  8932 | D:8      | Killed a cyclops
  9009 | D:8      | Reached ** piety under Yredelemnul
  9278 | D:8      | Found an ancient bone altar of Kikubaaqudgha.
  9281 | D:8      | Found a shadowy altar of Dithmenos.
  9284 | D:8      | Found an iron altar of Okawaru.
  9727 | D:9      | Reached skill level 9 in Axes
 10120 | D:9      | Reached *** piety under Yredelemnul
 10262 | Lair:1   | Entered Level 1 of the Lair of Beasts
 10262 | Lair:1   | Noticed a spiny frog
 10289 | D:8      | Killed a spiny frog
 10289 | D:8      | Reached XP level 11. HP: 19/94 MP: 13/13
 11021 | Lair:1   | Reached skill level 5 in Invocations
 11327 | Lair:1   | Reached skill level 10 in Axes
 11650 | Lair:1   | Noticed an eight-headed hydra
 11660 | Lair:1   | Killed an 11-headed hydra
 11893 | Lair:2   | Noticed an eight-headed hydra
 12006 | Lair:1   | Killed an eight-headed hydra
 12316 | Lair:1   | Reached **** piety under Yredelemnul
 12367 | Lair:2   | Noticed Gastronok
 12371 | Lair:2   | Received a gift from Yredelemnul (a wight)
 12390 | Lair:2   | Killed Gastronok
 12390 | Lair:2   | Reached XP level 12. HP: 93/105 MP: 15/15
 12442 | Lair:2   | Found a staircase to the Snake Pit.
 13869 | Lair:3   | Reached skill level 11 in Axes
 13869 | Lair:3   | Received a gift from Yredelemnul (a mummy)
 14034 | Lair:3   | Found a staircase to the Shoals.
 14266 | Lair:3   | Reached skill level 10 in Fighting
 14397 | Lair:3   | Received a gift from Yredelemnul (a wraith)
 15075 | Lair:4   | Killed from afar by a meliai

Skill      XL: |  1  2  3  4  5  6  7  8  9 10 11 12 |
---------------+-------------------------------------+-----
Axes           | 2 3 4 6 7 9 10 11 | 11.5
Dodging        | 1 2 3 5 6 7 8 |  8.0
Armour         | 3 4 5 6 7 8 |  8.5
Shields        | 3 4 |  4.5
Fighting       | 4 5 6 7 8 9 10 | 10.2
Invocations    | 1 4 6 7 |  7.4

Action                   |  1- 3 |  4- 6 |  7- 9 | 10-12 || total
-------------------------+-------+-------+-------+-------++-------
Melee: War axe           |   113 |    66 |       |       ||   179
       Flail             |       |   130 |   188 |       ||   318
       Hand axe          |       |       |   668 |  1253 ||  1921
Throw: Throwing net      |       |       |       |     4 ||     4
Invok: Animate Remains   |       |       |       |    25 ||    25
       Animate Dead      |       |       |       |    28 ||    28
       Recall Undead Sla |       |       |       |     2 ||     2
       Drain Life        |       |       |       |     2 ||     2
Evoke: Wand              |       |     2 |       |     3 ||     5
  Use: Potion            |       |     1 |     2 |     3 ||     6
       Scroll            |       |     8 |    12 |    11 ||    31
 Stab: Distracted        |       |       |       |    10 ||    10
  Eat: Chunk             |     1 |    10 |    37 |    48 ||    96
       Ration            |       |       |       |     1 ||     1
Armor: Scale mail        |    77 |    98 |   300 |   269 ||   744
       Plate armour      |       |       |       |   228 ||   228
Dodge: Dodged            |    59 |    72 |   285 |   524 ||   940
Block: Shield            |    67 |   105 |   106 |       ||   278
       Reflection        |       |       |     7 |       ||     7
       Buckler           |       |       |   362 |   538 ||   900
